 Dungeon Crawl Stone Soup version 0.27.1-33-g824d729ab1 (webtiles) character file.

Game seed: 1869242243342045658

42 Qrupt the Cudgeller (level 3, -1/23 HPs)
             Began as a Gargoyle Monk on Dec 31, 2021.
             Killed by nerve-wracking pain
             ... invoked by Jessica
              (6 damage)
             ... on level 2 of the Dungeon.
             The game lasted 00:01:50 (1700 turns).

Qrupt the Cudgeller (Gargoyle Monk)                 Turns: 1700, Time: 00:01:50

Health: -1/23      AC:  5    Str: 15    XL:     3   Next: 56%
Magic:  3/3        EV: 13    Int: 10    God:
Gold:   94         SH:  0    Dex: 18    Spells: 2/2 levels left

rFire    . . .     SeeInvis .   a - +0 mace
rCold    . . .     Faith    .   (no shield)
rNeg     + . .     Spirit   .   b - +0 robe
rPois    ∞         Reflect  .   (no helmet)
rElec    +         Harm     .   (no cloak)
rCorr    .         Rampage  .   (no gloves)
Will     .....                  (no boots)
Stlth    ++........             (no amulet)
HPRegen  0.07/turn              f - +6 ring of dexterity
MPRegen  0.08/turn              (no ring)

@: no status effects
A: sickness immunity, AC +3, negative energy resistance 1, electricity
resistance, torment resistance 1, petrification resistance
a: no special abilities


You were on level 2 of the Dungeon.
You visited 1 branch of the dungeon, and saw 3 of its levels.

You collected 94 gold pieces.

Inventory:

Hand Weapons
 a - a +0 mace (weapon)
Armour
 b - a +0 robe (worn)
Jewellery
 c - an amulet of guardian spirit
 f - a +6 ring of dexterity (left hand)
Scrolls
 g - a scroll of identify {unknown}
 h - a scroll of silence {unknown}
 i - a scroll of magic mapping {unknown}
Potions
 d - a potion of cancellation {unknown}
 e - 2 potions of heal wounds {unknown}


   Skills:
 - Level 3.2 Fighting
 + Level 4.5 Maces & Flails
 - Level 2.4 Dodging
 - Level 2.1 Stealth


You had 2 spell levels left.
You didn't know any spells.
Your spell library contained the following spells:

 Spells                   Type           Power      Damage    Failure   Level
 Corpse Rot               Necr/Air       N/A        N/A       50%         2
 Dispel Undead            Necr           0%         3d6       98%         4
 Death Channel            Necr           0%         N/A       100%        6


Dungeon Overview and Level Annotations

Branches:
Dungeon (3/15)

Altars:

Annotations:
D:2 Jessica, Robin, Sigmund


Innate Abilities, Weirdness & Mutations

You are immune to sickness and miasma.
Your stone body is resilient. (AC +3)
You are immune to poison.
You resist negative energy. (rN+)
You are resistant to electric shocks. (rElec)
You are resistant to unholy torment.
You are immune to petrification.


Message History

Jessica blinks!
Jessica casts a spell.
Jessica blinks!
The worm barely misses you.
You hit the worm but do no damage. The worm bites you but does no damage.
You hit the worm.
The worm is moderately wounded.
You hit the worm.
The worm is heavily wounded.
The worm misses you.
You hit the worm.
The worm is severely wounded.
The worm closely misses you.
You hit the worm.
The worm is almost dead.
You sock the worm!
You kill the worm!
You see here a worm corpse.
You hit Jessica but do no damage.
Jessica is severely wounded.
Jessica gestures wildly while chanting.
Jessica blinks!
Jessica shouts, "Stop bothering me, or I'll kill you!"
Jessica mumbles some strange words.
Jessica blinks!
The endoplasm quivers.
Jessica hits you with a +0 dagger.
You are too injured to fight recklessly!
You are too injured to fight recklessly!
You are too injured to fight recklessly!
You are too injured to fight recklessly!
You are too injured to fight recklessly!
You closely miss Jessica.
Jessica is severely wounded.
Jessica hits you with a +0 dagger.
* * * LOW HITPOINT WARNING * * *
You barely miss Jessica.
Jessica is severely wounded.
Jessica gestures at you while chanting. Pain shoots through your body!
You die...

...... ......
.......
######.......
##..........!.
##......[......
#..............
#.............#
#.....@.†.....#
#...†@.....J..#
#..............
##..........###
##.........##
#........$.#
#..........#
#..........# #.
####
#..........# .g
...#


You could see Jessica and an endoplasm.

Vanquished Creatures
  2 worms (D:2)
  A dart slug (D:1)
  4 endoplasms (D:1)
  A giant cockroach (D:1)
  4 goblins
  6 hobgoblins (D:1)
  3 ball pythons
  5 bats
  2 frilled lizards
  A kobold (D:1)
  6 rats
35 creatures vanquished.

Notes
Turn   | Place    | Note
-------+----------+-------------------------------------------
     0 | D:1      | Qrupt the Gargoyle Monk began the quest for the Orb.
     0 | D:1      | Reached XP level 1. HP: 14/14 MP: 1/1
   238 | D:1      | Found a faded altar of an unknown god.
   254 | D:1      | Reached XP level 2. HP: 11/19 MP: 2/2
   736 | D:1      | Reached skill level 4 in Maces & Flails
   752 | D:1      | Reached XP level 3. HP: 21/23 MP: 3/3
  1290 | D:2      | Noticed Sigmund
  1309 | D:2      | Noticed Robin
  1671 | D:2      | Noticed Jessica
  1700 | D:2      | Killed from afar by Jessica

Illustrated notes

Levels and vault maps discovered:
D:1:      dpeg_arrival_rooms_a, layout_loops_ring, basic_ecumenical_altar,
          minmay_splitting_lines
D:2:      layout_rooms, uniq_sigmund, uniq_robin, uniq_jessica
D:3:      layout_loops_ring, roderic_roman_lattice, minmay_circle_x

Skill      XL: |  1  2 |
---------------+-------+-----
Maces & Flails | 4 |  4.5
Fighting       | |  3.2
Dodging        | |  2.4
Stealth        | |  2.1

Action                   || total
-------------------------++-------
Melee: Mace              ||   112
 Stab: Sleeping          ||     7
Armor: Robe              ||    43
Dodge: Dodged            ||    95
